 Dungeon Crawl Stone Soup version 0.31-a0-596-g831eee08f1 (webtiles) character file.

Game seed: 14864107611890837294

3997 rjrrt the Cleaver (level 10, -4/124 HPs)
             Began as a Minotaur Berserker on Aug 20, 2023.
             Was an Elder of Trog.
             Slain by a sun demon (14 damage)
             ... summoned by a kobold demonologist
             ... on level 7 of the Dungeon.
             The game lasted 00:13:30 (6530 turns).

rjrrt the Cleaver (Minotaur Berserker)              Turns: 6530, Time: 00:13:31

Health: -4/124     AC: 13    Str: 25    XL:     10   Next: 3%
Magic:  9/9        EV: 10    Int: 10    God:    Trog [****..]
Gold:   119        SH:  0    Dex: 11    Spells: 9/9 levels left

rFire   . . .        a - +0 war axe
rCold   . . .        (no shield)
rNeg    . . .        b - +0 chain mail
rPois   +            (helmet restricted)
rElec   .            n - +1 cloak
rCorr   .            (no gloves)
SInv    .            x - +0 pair of boots
Will    .....        (no amulet) Stlth
                     u - ring of poison resistance
HPRegen 0.40/turn    c - +6 ring of intelligence
MPRegen 0.11/turn

%: no passive effects
@: berserking, very quick
A: horns 2, retaliatory headbutt
a: Renounce Religion, Berserk, Trog's Hand, Brothers in Arms


You were on level 7 of the Dungeon.
You worshipped Trog.
Trog was greatly pleased with you.
You visited 1 branch of the dungeon, and saw 7 of its levels.
You also visited: Sewer.

You collected 371 gold pieces.
You spent 252 gold pieces at shops.

Inventory:

Hand Weapons
 a - a +0 war axe (weapon)
 t - a +0 trident
Missiles
 g - 3 boomerangs (quivered)
 p - a throwing net
Armour
 b - a +0 chain mail (worn)
 n - a +1 cloak (worn)
 v - a +2 ring mail of willpower
 x - a +0 pair of boots (worn)
Jewellery
 c - a +6 ring of intelligence (right hand)
 u - a ring of poison resistance (left hand)
 w - a ring of positive energy
 y - the amulet "Kureecyg" {Acrobat rCorr Str+3 Int-3}
   (You took it off an orc warrior on level 7 of the Dungeon)

   [amulet of the acrobat]

   Acrobat:   It increases your evasion while moving and waiting.
   Str+3:     It affects your strength (+3).
   Int-3:     It affects your intelligence (-3).
   rCorr:     It protects you from acid and corrosion.
Wands
 s - a wand of roots (9)
Scrolls
 f - 3 scrolls of butterflies
 j - a scroll of vulnerability
 k - a scroll of revelation
 o - a scroll of teleportation
 r - a scroll of identify
Potions
 d - 3 potions of attraction
 e - a potion of cancellation
 h - a potion of curing
 i - a potion of enlightenment
 l - a potion of might
 m - 2 potions of lignification
 q - 3 potions of haste


   Skills:
 + Level 5.9 Fighting
 + Level 14.2 Axes
 + Level 3.6 Throwing
 + Level 5.1 Armour
 + Level 4.5 Dodging
 + Level 3.1 Evocations


You had 9 spell levels left.
You didn't know any spells.
Your spell library was empty.

Dungeon Overview and Level Annotations

Branches:
Dungeon (7/15)             Temple (0/1) D:4           Sewer (visited)

Altars:
Dithmenos
Kikubaaqudgha
Nemelex Xobeh
Okawaru
Sif Muna
Uskayaw

Shops:
D:6 !

Annotations:
D:5 2 transporters, dialectric's ghost, amateur HuSh
D:6 2 runed translucent doors, bahustanut's ghost, amateur DsSh
D:7 1 runed translucent door


Innate Abilities, Weirdness & Mutations

You have a pair of horns on your head.
You reflexively headbutt those who attack you in melee.


Message History

You start resting.
A kobold demonologist is nearby!
The kobold demonologist gestures wildly while chanting.
You hit the kobold demonologist.
The kobold demonologist is lightly wounded.
The kobold demonologist casts a spell.
You miss the kobold demonologist.
Your headbutt misses the kobold demonologist.
The kobold demonologist is lightly wounded.
You hit the sun demon but do no damage.
The kobold demonologist hits you with a staff of air.
You are electrocuted!
You hit the kobold demonologist.
Your headbutt misses the kobold demonologist.
The kobold demonologist is moderately wounded.
You miss the sun demon. The sun demon hits you!!
You are engulfed in flames!!
* * * LOW HITPOINT WARNING * * *
You are too injured to fight recklessly!
Unknown command.
You are too injured to fight recklessly!
Unknown command.
A red film seems to cover your vision as you go berserk!
You feel yourself moving faster!
You feel mighty!
The sun demon hits you but does no damage.
The kobold demonologist hits you but does no damage.
You are electrocuted!
* * * LOW HITPOINT WARNING * * *
The sun demon hits you but does no damage.
You closely miss the kobold demonologist.
The kobold demonologist is lightly wounded.
You barely miss the sun demon.
The kobold demonologist barely misses you.
You furiously retaliate!
You headbutt the kobold demonologist!
You closely miss the kobold demonologist.
You headbutt the kobold demonologist.
The kobold demonologist is severely wounded.
You barely miss the sun demon. The sun demon hits you!
* * * LOW HITPOINT WARNING * * *
You are engulfed in flames!
You die...

#....####..#...#.##.#
...###'...#...#..##.#
.###..###..#...#.##..
##..#######...#..##.#
..###?#..####..#.##.#
###...#.#..####..#
+Y.z..#.###.รท#####
###.zY#.#.###..###
..###V#.....###3@##
##..###.#)###..##K#
####..#.###..####5#
.K####'.#..####..##
.5..###..####....#
.#.)5)#####....###
....##'##...#....#
..#####...K......#
####..###.##..##.#


You could see a sun demon (summoned), a kobold demonologist and an iron imp
(summoned).

Vanquished Creatures
  A two-headed ogre (D:6)
  Prince Ribbit (D:7)
  Grinder (D:5)
  Duvessa (D:5)
  2 orc warriors
  3 ice beasts (D:7)
  2 black bears
  A sky beast (D:7)
  4 ogres
  A centaur (D:7)
  A phantom (D:6)
  5 kobold brigands
  3 bullfrogs
  A gnoll sergeant (D:7)
  4 scorpions
  Dowan (D:5)
  A killer bee (D:7)
  A howler monkey (D:7)
  4 orc priests
  2 hounds
  Crazy Yiuf (D:5)
  Jessica (D:2)
  3 sleepcaps
  2 iguanas (D:7)
  6 orc wizards
  4 gnolls (D:7)
  8 adders
  2 shadow imps
  3 white imps
  An ufetubus (D:5)
  7 worms
  A dart slug (D:1)
  18 orcs
  4 endoplasms
  14 giant cockroaches
  5 goblins
  3 hobgoblins
  8 jackals
  9 kobolds
  2 quokkas
  13 ball pythons
  8 bats
  3 frilled lizards
  7 rats
173 creatures vanquished.

Notes
Turn   | Place    | Note
-------+----------+-------------------------------------------
     0 | D:1      | rjrrt the Minotaur Berserker began the quest for the Orb.
     0 | D:1      | Reached XP level 1. HP: 19/19 MP: 0/0
   177 | D:1      | You fall into a shaft and drop 1 floor!
   357 | D:1      | Reached skill level 4 in Axes
   409 | D:1      | Reached XP level 2. HP: 26/26 MP: 1/1
   788 | D:2      | Reached ** piety under Trog
   849 | D:2      | Reached skill level 5 in Axes
   849 | D:2      | Reached XP level 3. HP: 31/31 MP: 2/2
  1067 | D:2      | Noticed Jessica
  1070 | D:2      | Killed Jessica
  1071 | D:2      | Reached skill level 6 in Axes
  1071 | D:2      | Reached XP level 4. HP: 39/39 MP: 3/3
  1384 | D:3      | Noticed an orc warrior
  1598 | D:3      | Killed an orc warrior
  1599 | D:3      | Reached skill level 7 in Axes
  1599 | D:3      | Reached XP level 5. HP: 27/45 MP: 4/4
  1894 | D:3      | Reached *** piety under Trog
  1903 | D:3      | Reached skill level 8 in Axes
  2037 | D:3      | Found a hide-covered altar of Uskayaw.
  2505 | D:4      | Noticed an ogre
  2508 | D:4      | Killed an ogre
  2509 | D:4      | Reached XP level 6. HP: 51/51 MP: 5/5
  2513 | D:4      | Found an ancient bone altar of Kikubaaqudgha.
  2517 | D:4      | Found a shadowy altar of Dithmenos.
  2517 | D:4      | Found a shimmering blue altar of Sif Muna.
  2617 | D:4      | Found a sparkling altar of Nemelex Xobeh.
  2618 | D:4      | Found an iron altar of Okawaru.
  2838 | D:4      | Found a staircase to the Ecumenical Temple.
  3075 | D:5      | Entered Level 5 of the Dungeon
  3076 | D:5      | Found a glowing drain.
  3083 | D:5      | Noticed Grinder
  3092 | D:5      | Paralysed by Grinder for 2 turns
  3126 | D:5      | Paralysed by Grinder for 2 turns
  3138 | D:5      | Killed Grinder
  3139 | D:5      | Reached skill level 9 in Axes
  3139 | D:5      | Reached XP level 7. HP: 57/57 MP: 6/6
  3184 | Sewer    | Entered a sewer
  3306 | Sewer    | Reached skill level 10 in Axes
  3684 | D:5      | Reached skill level 11 in Axes
  3727 | D:5      | Found a transporter.
  3730 | D:5      | Noticed dialectric's ghost (amateur HuSh)
  3740 | D:5      | Noticed Dowan
  3741 | D:5      | Noticed Duvessa
  3748 | D:5      | Killed Duvessa
  3755 | D:5      | Killed Dowan
  3760 | D:5      | Reached XP level 8. HP: 19/64 MP: 7/7
  3950 | D:5      | Reached skill level 12 in Axes
  4060 | D:5      | Reached **** piety under Trog
  4303 | D:5      | Found a transporter.
  4568 | D:5      | Reached skill level 13 in Axes
  4687 | D:5      | Found a runed translucent door.
  4688 | D:5      | Noticed Crazy Yiuf
  4695 | D:5      | Killed Crazy Yiuf
  5085 | D:6      | Found Kettua Lirgh's Distillery.
  5092 | D:6      | Bought a potion of curing for 42 gold pieces
  5092 | D:6      | Bought a potion of enlightenment for 70 gold pieces
  5092 | D:6      | Bought a potion of might for 56 gold pieces
  5092 | D:6      | Bought 2 potions of lignification for 84 gold pieces
  5136 | D:6      | Noticed a two-headed ogre
  5143 | D:6      | Killed a two-headed ogre
  5144 | D:6      | Reached skill level 1 in Throwing
  5144 | D:6      | Reached skill level 1 in Evocations
  5144 | D:6      | Reached XP level 9. HP: 19/72 MP: 8/8
  5437 | D:6      | Found a large runed translucent door.
  5437 | D:6      | Found a large runed translucent door.
  5438 | D:6      | Noticed bahustanut's ghost (amateur DsSh)
  5814 | D:7      | Reached skill level 5 in Fighting
  5937 | D:7      | Reached skill level 14 in Axes
  6120 | D:7      | Noticed a skeletal warrior
  6124 | D:7      | Found a runed translucent door.
  6283 | D:7      | Noticed Prince Ribbit
  6284 | D:7      | Reached skill level 5 in Armour
  6315 | D:7      | Killed Prince Ribbit
  6316 | D:7      | Reached XP level 10. HP: 28/83 MP: 9/9
  6338 | D:7      | Noticed a two-headed ogre
  6490 | D:7      | Identified the amulet "Kureecyg" {Acrobat rCorr Str+3
                  | Int-3}
  6526 | D:7      | Noticed a sun demon
  6530 | D:7      | Slain by a sun demon

Illustrated notes

Levels and vault maps discovered:
D:1:      dpeg_arrival_arbitrary_c, layout_basic
D:2:      minmay_roachtagon, layout_loops_cross, minmay_stone_trees_large,
          st_stairs_13, uniq_jessica
D:3:      layout_basic, nicolae_uskayaw_dance_hall
D:4:      layout_loops_cross, chequers_temple_overflow_statue_of_worship,
          grunt_temple_overflow_open, minmay_temple_entry_butterflies,
          nicolae_houndstooth_variations
D:5:      layout_loops_ring, cheibrodos_sewer_entry_drain, gammafunk_ghost_hive,
          uniq_grinder, uniq_crazy_yiuf_cottage, uniq_duvessa
D:6:      layout_basic, ebering_ghost_disaster_area, serial_shops, shop
D:7:      minmay_the_grid_triangle_9x9_rhombus_full
          [minmay_the_grid_triangle_9x9_subtriangle,
          minmay_the_grid_triangle_9x9_negative_grid,
          minmay_the_grid_triangle_9x9_zippers_horizontal,
          minmay_the_grid_triangle_9x9_windchime,
          minmay_the_grid_triangle_9x9_swiss_cheese,
          minmay_the_grid_triangle_9x9_pentomino_pain,
          minmay_the_grid_triangle_9x9_semitri,
          minmay_the_grid_triangle_9x9_prize_insulated], layout_loops_ring,
          uniq_prince_ribbit1

Skill      XL: |  1  2  3  4  5  6  7  8  9 |
---------------+----------------------------+-----
Axes           | 4 5 6 7 8 9 11 13 14 | 14.2
Fighting       | 4 5 |  5.9
Throwing       | 1 3 |  3.6
Armour         | 3 5 |  5.1
Dodging        | 3 4 |  4.5
Evocations     | 1 3 |  3.1

Action                     |  1- 3 |  4- 6 |  7- 9 | 10-12 || total
---------------------------+-------+-------+-------+-------++-------
  Melee: Hand axe          |    83 |   101 |   190 |       ||   374
         Headbutt          |     9 |    10 |    64 |     4 ||    87
         Punch             |       |     2 |     4 |       ||     6
         War axe           |       |       |   136 |    12 ||   148
 Invoke: Berserk           |       |     4 |     4 |     1 ||     9
  Evoke: Wand              |       |       |     4 |       ||     4
    Use: Potion            |       |       |     4 |       ||     4
         Scroll            |       |       |    12 |       ||    12
 Armour: Chain mail        |    48 |    36 |   114 |     6 ||   204
         Animal skin       |     3 |       |       |       ||     3
  Dodge: Dodged            |    51 |    43 |   115 |     8 ||   217

Table legend: (Time is in decaauts)
 A = Elapsed time spent in this place.
 B = Non-inter-level travel time spent in this place.
 C = Inter-level travel time spent in this place.
 D = Time resting spent in this place.
 E = Time spent auto-exploring this place.
 F = Levels seen in this place.
 G = Mean time per level.
                   A        B        C        D        E       F      G
               +--------+--------+--------+--------+--------+-----+--------+
         Total |   6593 |   6416 |    177 |   1024 |   3846 |   8 |  824.1 |
       Dungeon |   6053 |   5876 |    177 |    907 |   3626 |   7 |  864.7 |
         Sewer |    539 |    539 |      0 |    117 |    219 |   1 |  539.0 |
               +--------+--------+--------+--------+--------+-----+--------+

Top non-repeatable levels by time:
     D:5: 1291 daAuts
     D:3: 1075 daAuts
     D:6: 875 daAuts
     D:7: 763 daAuts
     D:2: 702 daAuts
     D:4: 688 daAuts
     D:1: 656 daAuts
   Sewer: 539 daAuts
